[Event "Titled Tuesday Blitz July 4 Early 2023"]
[White "Hambleton, Aman"]
[Black "Garcia Almaguer, Juan Manuel"]
[WhiteFideId "2606577"]
[BlackFideId "5110491"]
[WhiteElo "2801"]
[BlackElo "2451"]
[Result "0-1"]
[Round "1"]
[TimeControl "180+2"]
[Date "2023.07.04"]
[WhiteClock "0:00:01"]
[BlackClock "0:00:07"]
[Board "69"]

1. d4 Nf6 2. c4 e6 3. Nc3 Bb4 4. Qc2 b6 5. e4 Bxc3+ 6. bxc3 O-O 7. e5 Ne8 8. Bd3 f5 9. exf6 Nxf6 10. Nf3 Bb7 11. Bg5 h6 12. h4 Nc6 13. Ne5 hxg5 14. hxg5 Nxe5 15. dxe5 Ne4 16. Bxe4 Bxe4 17. Qxe4 Rf5 18. f4 d5 19. exd6 Qxd6 20. g3 Rd8 21. Rh2 Kf7 22. Re2 g6 23. Kf2 e5 24. Kg2 exf4 25. g4 f3+ 26. Kh1 Rh8+ 27. Kg1 Qg3+ 28. Kf1 Rh1# 0-1


[Site "https://www.chess.com"]

[Event "Titled Tuesday Blitz July 4 Early 2023"]
[White "Kovalevsky, Stanislav"]
[Black "Talibov, Shiroghlan"]
[WhiteFideId "13508598"]
[BlackFideId "13429078"]
[WhiteElo "2449"]
[BlackElo "2801"]
[Result "1/2-1/2"]
[Round "1"]
[TimeControl "180+2"]
[Date "2023.07.04"]
[WhiteClock "0:00:06"]
[BlackClock "0:00:05"]
[Board "70"]

1. c4 g6 2. Nc3 Bg7 3. g3 c5 4. Bg2 Nc6 5. d3 d6 6. h4 Nf6 7. Bg5 Bd7 8. Qd2 h6 9. Be3 Ng4 10. Nf3 Nxe3 11. fxe3 e5 12. h5 g5 13. Nd5 e4 14. dxe4 Ne5 15. Nxe5 Bxe5 16. O-O-O Be6 17. Rhf1 O-O 18. Qe1 Rb8 19. Qf2 f6 20. Nf4 Bxc4 21. Ng6 Qa5 22. Qf5 Rf7 23. Nxe5 dxe5 24. Qg6+ Rg7 25. Qxf6 Qxa2 26. Bh3 Qa1+ 27. Kc2 Qa4+ 28. Kc1 Qa1+ 29. Kc2 Qa4+ 30. Kc1 Qa5 31. Qxe5 Qa1+ 32. Kc2 Qa4+ 33. Kc1 Qa1+ 34. Kc2 Qa4+ 35. Kc1 Ra8 36. Be6+ Kh8 37. Bxc4 Qxc4+ 38. Qc3 Qxc3+ 39. bxc3 Re7 40. Rd6 Rxe4 41. Rxh6+ Kg7 42. Rff6 Rxe3 43. Rhg6+ Kh7 44. Rf7+ Kh8 45. Rxb7 Rxe2 46. Rh6+ Kg8 47. Rg6+ Kh8 48. Rh6+ Kg8 49. Rg6+ Kh8 1/2-1/2


[Site "https://www.chess.com"]

[Event "Titled Tuesday Blitz July 4 Early 2023"]
[White "Bachmann, Axel"]
[Black "Mika, Tomasz"]
[WhiteFideId "3700488"]
[BlackFideId "1132970"]
[WhiteElo "2799"]
[BlackElo "2446"]
[Result "1-0"]
[Round "1"]
[TimeControl "180+2"]
[Date "2023.07.04"]
[WhiteClock "0:00:31"]
[BlackClock "0:00:06"]
[Board "71"]

1. d4 Nf6 2. c4 e6 3. g3 Bb4+ 4. Nd2 d5 5. Bg2 O-O 6. Nf3 c6 7. O-O b6 8. Qc2 Bb7 9. e4 Bxd2 10. Nxd2 dxe4 11. Nxe4 Nxe4 12. Bxe4 f5 13. Bg2 Qxd4 14. Bf4 Na6 15. Rad1 Qf6 16. a3 e5 17. Bc1 Rad8 18. b4 Nc7 19. h4 Ne6 20. Qa4 a6 21. Be3 b5 22. Qb3 Nd4 23. Bxd4 Rxd4 24. cxb5+ Kh8 25. Rxd4 exd4 26. a4 Rd8 27. Rd1 g6 28. Qf3 Rd6 29. Qf4 Kg7 30. b6 Rd7 31. a5 Qd6 32. Qxd6 Rxd6 33. Bf1 Kf6 34. f4 Rd5 35. Kf2 Rd8 36. Bc4 c5 37. bxc5 Rc8 38. Rxd4 Rxc5 39. Rd7 Be4 40. Rf7# 1-0


[Site "https://www.chess.com"]

[Event "Titled Tuesday Blitz July 4 Early 2023"]
[White "Herman, Daniel"]
[Black "Lin, Dachey"]
[WhiteFideId "30935008"]
[BlackFideId "2029650"]
[WhiteElo "2444"]
[BlackElo "2796"]
[Result "0-1"]
[Round "1"]
[TimeControl "180+2"]
[Date "2023.07.04"]
[WhiteClock "0:00:02"]
[BlackClock "0:01:19"]
[Board "72"]

1. c4 g6 2. Nc3 Bg7 3. e4 c5 4. g3 Nc6 5. Bg2 Nf6 6. Nge2 O-O 7. O-O Ne8 8. d3 Nc7 9. Be3 Ne6 10. f4 d6 11. f5 Ned4 12. g4 e6 13. Qd2 exf5 14. gxf5 gxf5 15. Bg5 f6 16. Bh6 Rf7 17. exf5 Nxf5 18. Bf4 Be6 19. Bd5 Qd7 20. Kh1 Re8 21. Rae1 Nh4 22. Ng3 Bxd5+ 23. Nxd5 Nd4 24. Qd1 Rff8 25. Qh5 Qh3 26. Ne7+ Rxe7 27. Qd5+ Ref7 0-1


[Site "https://www.chess.com"]

[Event "Titled Tuesday Blitz July 4 Early 2023"]
[White "Mekhitarian, Krikor Sevag"]
[Black "Chor, Kevin"]
[WhiteFideId "2107660"]
[BlackFideId "2090740"]
[WhiteElo "2795"]
[BlackElo "2444"]
[Result "1-0"]
[Round "1"]
[TimeControl "180+2"]
[Date "2023.07.04"]
[WhiteClock "0:01:14"]
[BlackClock "0:00:00"]
[Board "73"]

1. Nf3 c5 2. c4 Nc6 3. Nc3 g6 4. e3 Bg7 5. d4 Nf6 6. d5 Na5 7. e4 d6 8. h3 O-O 9. Bd3 e6 10. O-O exd5 11. exd5 a6 12. Rb1 b5 13. b3 Rb8 14. Bd2 Bd7 15. Qc2 Qb6 16. Rfe1 Rfe8 17. Rxe8+ Rxe8 18. Nd1 Rb8 19. Ne3 Nb7 20. Bc3 Re8 21. Re1 Qd8 22. g4 h5 23. g5 Nh7 24. h4 Bxc3 25. Qxc3 Qa5 26. Qxa5 Nxa5 27. Nd2 Nb7 28. f4 b4 29. Kf2 a5 30. Ne4 a4 31. Ng3 axb3 32. axb3 Ra8 33. f5 Nf8 34. Ne4 Bxf5 35. Nf6+ Kh8 36. Nxf5 Ra2+ 37. Kf3 gxf5 38. Bxf5 Rb2 39. Re8 Kg7 40. Nxh5+ Kg8 41. Nf6+ Kg7 42. h5 Rxb3+ 43. Kf4 1-0


[Site "https://www.chess.com"]

[Event "Titled Tuesday Blitz July 4 Early 2023"]
[White "Goncalves, Davi Sulzbacher"]
[Black "Mendonca, Leon Luke"]
[WhiteFideId "2154510"]
[BlackFideId "35028561"]
[WhiteElo "2443"]
[BlackElo "2794"]
[Result "0-1"]
[Round "1"]
[TimeControl "180+2"]
[Date "2023.07.04"]
[WhiteClock "0:00:09"]
[BlackClock "0:00:59"]
[Board "74"]

1. Nf3 Nf6 2. d4 b6 3. c4 Bb7 4. e3 g6 5. Bd3 Bg7 6. O-O O-O 7. Qc2 d6 8. e4 Nc6 9. a3 e5 10. d5 Ne7 11. Nc3 Nh5 12. Re1 c6 13. Bg5 h6 14. Be3 Rc8 15. Qa4 Ra8 16. b4 f5 17. dxc6 Bxc6 18. Qc2 Rc8 19. Rad1 Kh8 20. Bc1 Qc7 21. Qb1 Qb8 22. Bb2 Bb7 23. Nh4 Nf4 24. Bc2 Rxc4 25. g3 Nh3+ 26. Kf1 fxe4 27. Bxe4 Rxf2# 0-1


[Site "https://www.chess.com"]

[Event "Titled Tuesday Blitz July 4 Early 2023"]
[White "Rustemov, Alexander"]
[Black "Ocelak, Jakub"]
[WhiteFideId "4119002"]
[BlackFideId "23707933"]
[WhiteElo "2791"]
[BlackElo "2442"]
[Result "1-0"]
[Round "1"]
[TimeControl "180+2"]
[Date "2023.07.04"]
[WhiteClock "0:01:43"]
[BlackClock "0:00:24"]
[Board "75"]

1. d4 d5 2. c4 e6 3. Nc3 Nf6 4. Bg5 Bb4 5. e3 O-O 6. Nf3 c5 7. cxd5 exd5 8. dxc5 Nbd7 9. Rc1 h6 10. Bxf6 Nxf6 11. Be2 Ne4 12. O-O Nxc3 13. bxc3 Bxc5 14. Nd4 Qf6 15. Bf3 Rd8 16. Qb3 Bd6 17. g3 Qe5 18. Qxd5 Qxd5 19. Bxd5 Ba3 20. c4 Bxc1 21. Rxc1 a6 22. a4 Ra7 23. a5 Be6 24. Nxe6 fxe6 25. Bxe6+ Kf8 26. Bd5 Ke7 27. Rb1 Rd7 28. e4 Rc7 29. f4 Rc5 30. Ra1 Kd6 31. Kf2 Ra8 32. Ke3 Rb8 33. e5+ Kd7 34. Kd4 Rc7 35. Rb1 Kc8 36. f5 Re7 37. Rb6 Kc7 38. g4 Rd7 39. h4 Kd8 40. g5 hxg5 41. hxg5 Ke7 42. f6+ gxf6 43. exf6+ Kf8 44. g6 1-0


[Site "https://www.chess.com"]

[Event "Titled Tuesday Blitz July 4 Early 2023"]
[White "Taboas Rodriguez, Daniel"]
[Black "Harsh Suresh"]
[WhiteFideId "2208466"]
[BlackFideId "45018464"]
[WhiteElo "2441"]
[BlackElo "2787"]
[Result "0-1"]
[Round "1"]
[TimeControl "180+2"]
[Date "2023.07.04"]
[WhiteClock "0:00:54"]
[BlackClock "0:00:51"]
[Board "76"]

1. d4 g6 2. Nf3 Bg7 3. c4 d6 4. Nc3 e5 5. dxe5 dxe5 6. Qxd8+ Kxd8 7. Bd2 c6 8. O-O-O Kc7 9. Ne4 Na6 10. Nd6 Be6 11. Ng5 Kxd6 12. Nxf7+ Bxf7 13. Bh6+ Ke7 14. Bxg7 Nf6 15. Bxh8 Rxh8 16. f3 Bxc4 17. e4 Bxf1 18. Rhxf1 Nc5 19. g3 a5 20. Kc2 h5 21. Kc3 h4 22. Rh1 Ne6 23. Rdf1 g5 24. a3 Nd4 25. f4 gxf4 26. gxf4 Ne2+ 27. Kd3 Nxf4+ 28. Ke3 h3 29. Rhg1 Ng2+ 30. Kf3 Rg8 31. Rd1 Rg4 32. Rd3 Nh4+ 33. Kf2 Nxe4+ 34. Kf1 Rg2 35. Rxh3 Rf2+ 36. Ke1 Nf3+ 37. Rxf3 Rxf3 38. Rg7+ Kd6 39. Rxb7 Rh3 0-1


[Site "https://www.chess.com"]

[Event "Titled Tuesday Blitz July 4 Early 2023"]
[White "Kaasen, Tor Fredrik"]
[Black "Begunov, Konstantin"]
[WhiteFideId "1516647"]
[BlackFideId "4118510"]
[WhiteElo "2782"]
[BlackElo "2440"]
[Result "1-0"]
[Round "1"]
[TimeControl "180+2"]
[Date "2023.07.04"]
[WhiteClock "0:01:21"]
[BlackClock "0:00:00"]
[Board "77"]

1. e4 c5 2. Nf3 d6 3. d4 cxd4 4. Nxd4 Nf6 5. Nc3 a6 6. h3 e6 7. g4 b5 8. g5 b4 9. gxf6 bxc3 10. bxc3 Qc7 11. fxg7 Bxg7 12. Qd3 Bb7 13. Rg1 Bf6 14. Bh6 Nd7 15. Qe3 Rc8 16. Rb1 Nc5 17. f3 Na4 18. Bg7 Bxg7 19. Rxg7 Nxc3 20. Rb3 Qa5 21. Rxb7 Nxe4+ 22. Ke2 Nc3+ 23. Kf2 1-0


[Site "https://www.chess.com"]

[Event "Titled Tuesday Blitz July 4 Early 2023"]
[White "Leebit02"]
[Black "realmadridfc123"]
[WhiteElo "2440"]
[BlackElo "2780"]
[Result "1-0"]
[Round "1"]
[TimeControl "180+2"]
[Date "2023.07.04"]
[WhiteClock "0:00:28"]
[BlackClock "0:00:00"]
[Board "78"]

1. Nf3 d5 2. e3 Nf6 3. b3 c5 4. Bb2 Nc6 5. Bb5 e6 6. O-O Be7 7. d4 O-O 8. Nbd2 cxd4 9. exd4 a6 10. Bd3 Nb4 11. Be2 Qc7 12. a3 Nc6 13. Bd3 Bd6 14. Re1 b5 15. Ne5 Bb7 16. Qf3 b4 17. a4 Rac8 18. Qh3 h6 19. f4 Qb6 20. Ndf3 Ne7 21. g4 Bxe5 22. Nxe5 Nc6 23. g5 hxg5 24. Nd7 Rfd8 25. Nxb6 Rc7 26. fxg5 Ne4 27. Rxe4 dxe4 28. Bxe4 Ne7 29. d5 Ng6 30. Bxg6 fxg6 31. Qxe6+ Kh7 32. Rf1 Rxc2 33. Rf3 1-0


[Site "https://www.chess.com"]

[Event "Titled Tuesday Blitz July 4 Early 2023"]
[White "Milikow, Yoav"]
[Black "Batsiashvili, Nino"]
[WhiteFideId "2822237"]
[BlackFideId "13602993"]
[WhiteElo "2778"]
[BlackElo "2438"]
[Result "1-0"]
[Round "1"]
[TimeControl "180+2"]
[Date "2023.07.04"]
[WhiteClock "0:00:14"]
[BlackClock "0:00:08"]
[Board "79"]

1. d4 d5 2. c4 e6 3. Nc3 Bb4 4. cxd5 exd5 5. Bf4 c5 6. dxc5 Nc6 7. e3 Qa5 8. Bd3 Bxc3+ 9. bxc3 Qxc3+ 10. Kf1 Qxc5 11. Rc1 Qa5 12. Qb3 Nge7 13. Nf3 O-O 14. Bd6 Rd8 15. Bc5 Bf5 16. Bxf5 Nxf5 17. g4 Nh6 18. Qxb7 Rac8 19. h3 Rc7 20. Qb2 Rb8 21. Qa3 Qb5+ 22. Kg2 Na5 23. Bd6 Rxc1 24. Rxc1 Re8 25. Nd4 Qb6 26. Bc7 Nc4 27. Rxc4 Qg6 28. Qa4 Qe4+ 29. f3 Qxe3 30. Rc2 f5 31. Re2 Qxe2+ 32. Nxe2 Rxe2+ 33. Kf1 Re7 34. Bd6 Re8 35. Qxe8# 1-0


[Site "https://www.chess.com"]

[Event "Titled Tuesday Blitz July 4 Early 2023"]
[White "Pandey Srishti"]
[Black "Fier, Alexandr"]
[WhiteFideId "35093290"]
[BlackFideId "2107139"]
[WhiteElo "2436"]
[BlackElo "2776"]
[Result "0-1"]
[Round "1"]
[TimeControl "180+2"]
[Date "2023.07.04"]
[WhiteClock "0:00:05"]
[BlackClock "0:01:38"]
[Board "80"]

1. e4 Nf6 2. e5 Nd5 3. c4 Nb6 4. d4 d6 5. f4 g5 6. Nc3 gxf4 7. Bxf4 Nc6 8. Qh5 Nxd4 9. O-O-O Ne6 10. Be3 Bg7 11. Nf3 Nd7 12. exd6 cxd6 13. Ne4 Nf6 14. Nxf6+ Bxf6 15. Kb1 Qc7 16. Bd3 Ng7 17. Qb5+ Bd7 18. Qb3 Ne6 19. Rhe1 Bc6 20. Bf5 Nc5 21. Qc2 e6 22. Bd4 Bxd4 23. Nxd4 O-O-O 24. Bg4 Kb8 25. Nxc6+ Qxc6 26. Bf3 Qc7 27. Qc3 Rhg8 28. Qf6 Rg6 29. Qh4 Na4 30. Qxh7 Qb6 31. Re2 Nc3+ 32. Kc1 Nxe2+ 33. Bxe2 Rxg2 34. Rd2 Qe3 35. Kd1 Qg1+ 36. Kc2 Qxh2 37. Qxf7 Rxe2 0-1


[Site "https://www.chess.com"]

[Event "Titled Tuesday Blitz July 4 Early 2023"]
[White "Tristan, Leonardo"]
[Black "Kopczynski, Michal"]
[WhiteFideId "113816"]
[BlackFideId "1124200"]
[WhiteElo "2769"]
[BlackElo "2433"]
[Result "1-0"]
[Round "1"]
[TimeControl "180+2"]
[Date "2023.07.04"]
[WhiteClock "0:00:08"]
[BlackClock "0:00:25"]
[Board "81"]

1. d4 Nf6 2. Nf3 g6 3. Bf4 Bg7 4. e3 d6 5. Be2 O-O 6. O-O Nfd7 7. e4 Nc6 8. c3 e5 9. Bg5 f6 10. Be3 f5 11. Bg5 Qe8 12. exf5 gxf5 13. dxe5 dxe5 14. Re1 Qg6 15. Bh4 e4 16. Ng5 Nde5 17. Bh5 Qh6 18. Nh3 Ng4 19. Bxg4 fxg4 20. Ng5 Qxh4 21. Qb3+ Kh8 22. Nf7+ Rxf7 23. Qxf7 Qe7 24. Qxe7 Nxe7 25. Rxe4 Bf6 26. Na3 Bf5 27. Re3 Nd5 28. Ree1 Kg7 29. Rad1 c6 30. Nc4 Rd8 31. Na5 Rd7 32. c4 Nf4 33. Rxd7+ Bxd7 34. Nxb7 Be6 35. b3 Bf5 36. Na5 Nd3 37. Re2 Nc1 38. Re1 Nxa2 39. Nxc6 Bc2 40. Nxa7 Bxb3 41. c5 Bd4 42. c6 Bb6 43. c7 Bxc7 44. Re7+ Kf6 45. Rxc7 Bd5 46. Nb5 h6 47. Nc3 Nxc3 48. Rxc3 Be6 49. Kf1 Bf5 50. Rc6+ Kg5 51. Rc5 h5 52. Ke2 Kf4 53. Rc4+ Kg5 54. f3 Kh4 55. fxg4 Bxg4+ 56. Ke3 Kg5 57. Rc5+ Kf6 58. Kf4 Bd1 59. Rc6+ Ke7 60. Kg5 Kf7 61. Rh6 Kg7 62. Rxh5 1-0


[Site "https://www.chess.com"]

[Event "Titled Tuesday Blitz July 4 Early 2023"]
[White "Itkis, Boris"]
[Black "Weetik, Vjacheslav"]
[WhiteFideId "1209167"]
[BlackFideId "4153472"]
[WhiteElo "2431"]
[BlackElo "2768"]
[Result "1/2-1/2"]
[Round "1"]
[TimeControl "180+2"]
[Date "2023.07.04"]
[WhiteClock "0:00:09"]
[BlackClock "0:00:04"]
[Board "82"]

1. c4 Nf6 2. Nf3 e6 3. e3 d5 4. b3 a6 5. Bb2 c5 6. g3 Nc6 7. cxd5 exd5 8. Bg2 Be7 9. O-O O-O 10. d4 Bg4 11. dxc5 Bxc5 12. Nbd2 d4 13. Rc1 Ba7 14. exd4 Bxd4 15. Bxd4 Nxd4 16. h3 Bh5 17. g4 Bg6 18. Nxd4 Qxd4 19. Nc4 Qf4 20. Qd2 Qxd2 21. Nxd2 Rad8 22. Rfd1 Rd7 23. f4 Bd3 24. Nc4 Bxc4 25. Rxd7 Nxd7 26. Rxc4 b6 27. Rc7 Nc5 28. Bd5 Ne6 29. Bxe6 fxe6 30. Rc6 Rxf4 31. Rxb6 a5 32. Rxe6 a4 33. Re3 axb3 34. axb3 Kf7 35. Kg2 Rb4 36. Kf3 Kf6 37. Rc3 Kg5 38. Rc5+ Kg6 39. Rc3 Kg5 40. Kg3 g6 41. h4+ Kf6 42. g5+ Kf5 43. Rf3+ Ke5 44. Re3+ Kd4 45. Re7 Rxb3+ 46. Kg4 Kd5 47. Rxh7 Rb4+ 48. Kf3 Ke5 49. Rh6 Rb3+ 50. Ke2 Kf5 51. Kd2 1/2-1/2


[Site "https://www.chess.com"]

[Event "Titled Tuesday Blitz July 4 Early 2023"]
[White "Dvirnyy, Danyyil"]
[Black "Ai, Evan"]
[WhiteFideId "817570"]
[BlackFideId "2094770"]
[WhiteElo "2764"]
[BlackElo "2429"]
[Result "1-0"]
[Round "1"]
[TimeControl "180+2"]
[Date "2023.07.04"]
[WhiteClock "0:01:01"]
[BlackClock "0:00:08"]
[Board "83"]

1. e4 e5 2. Nf3 Nc6 3. Nc3 Nf6 4. g3 Bc5 5. Bg2 d6 6. d3 a6 7. O-O h6 8. Be3 Bxe3 9. fxe3 Be6 10. Nh4 Qd7 11. Nf5 Bxf5 12. Rxf5 Ne7 13. Rf1 h5 14. h3 O-O-O 15. a4 Kb8 16. a5 d5 17. exd5 Nexd5 18. Nxd5 Nxd5 19. Qf3 f6 20. c4 c6 21. cxd5 cxd5 22. Rfc1 d4 23. exd4 Qxd4+ 24. Kh2 Rd7 25. Rc3 h4 26. g4 Re8 27. Rb3 e4 28. Qf4+ Re5 29. Bxe4 Rc7 30. Rc1 g5 31. Qf1 Rxc1 32. Qxc1 Qf2+ 33. Kh1 Rc5 34. Rxb7+ Kc8 35. Qg1 Qc2 36. Rb6 Rc7 37. Rxf6 Qxb2 38. Rf8+ Kd7 39. Rf7+ Kd6 40. Rxc7 Kxc7 41. Qh2+ 1-0


[Site "https://www.chess.com"]

[Event "Titled Tuesday Blitz July 4 Early 2023"]
[White "Fisabilillah, Ummi"]
[Black "Cabarkapa, Novak"]
[WhiteFideId "7104804"]
[BlackFideId "943746"]
[WhiteElo "2429"]
[BlackElo "2763"]
[Result "0-1"]
[Round "1"]
[TimeControl "180+2"]
[Date "2023.07.04"]
[WhiteClock "0:00:46"]
[BlackClock "0:02:08"]
[Board "84"]

1. d4 g6 2. Nf3 Bg7 3. Bf4 d6 4. Nbd2 Nd7 5. c3 e5 6. Bg3 Nh6 7. e4 O-O 8. Bd3 f5 9. Bh4 Qe8 10. O-O f4 11. Qb3+ Kh8 12. Ng5 exd4 13. Ne6 Nc5 14. Nxc5 dxc5 15. f3 dxc3 16. bxc3 b6 17. Bc4 Nf7 18. Rfd1 Ne5 19. Be2 Be6 20. Qc2 h6 21. a4 g5 22. Bf2 a5 23. Bb5 Qf7 24. Be2 Rad8 25. Nf1 Bb3 26. Qb2 Bxd1 27. Rxd1 Rxd1 28. Bxd1 Nd3 29. Qd2 Nxf2 30. Kxf2 Qe7 31. Bb3 Rd8 32. Qc2 Qe5 33. Bd5 Qxc3 34. Qe2 Bd4+ 0-1


[Site "https://www.chess.com"]

[Event "Titled Tuesday Blitz July 4 Early 2023"]
[White "Atakhan, Abtin"]
[Black "Gomes, Luiz Alexandre de Souza"]
[WhiteFideId "22502203"]
[BlackFideId "2102790"]
[WhiteElo "2749"]
[BlackElo "2427"]
[Result "1-0"]
[Round "1"]
[TimeControl "180+2"]
[Date "2023.07.04"]
[WhiteClock "0:01:35"]
[BlackClock "0:00:00"]
[Board "85"]

1. Nf3 Nf6 2. g3 c6 3. Bg2 d5 4. O-O Bf5 5. c4 e6 6. Qb3 Qb6 7. d3 Nbd7 8. Be3 Qxb3 9. axb3 a6 10. Bd4 Be7 11. Bc3 O-O 12. b4 h6 13. Nbd2 Rfd8 14. Nb3 Bf8 15. Na5 Rab8 16. Nd4 Bg6 17. Ndxc6 bxc6 18. Nxc6 Rdc8 19. Nxb8 Rxb8 20. c5 d4 21. Bxd4 Rxb4 22. Bc3 Rb5 23. c6 Nb6 24. c7 Nc8 25. Bxf6 gxf6 26. Rxa6 Rc5 27. Rc6 Rxc6 28. Bxc6 Bd6 29. Bd7 Ne7 30. Rc1 Kg7 31. c8=Q Nxc8 32. Rxc8 Bh5 33. f3 Bb4 34. Rc4 Bd2 35. Kf2 Bg6 36. b4 f5 37. b5 Ba5 38. Rc6 e5 39. b6 1-0


[Site "https://www.chess.com"]

[Event "Titled Tuesday Blitz July 4 Early 2023"]
[White "Zacurdajev, Dmitry"]
[Black "Gorovets, Andrey"]
[WhiteFideId "4196309"]
[BlackFideId "13504037"]
[WhiteElo "2426"]
[BlackElo "2746"]
[Result "0-1"]
[Round "1"]
[TimeControl "180+2"]
[Date "2023.07.04"]
[WhiteClock "0:00:01"]
[BlackClock "0:01:20"]
[Board "86"]

1. d4 f5 2. c4 Nf6 3. Nc3 e6 4. Bf4 Bb4 5. Qc2 Ne4 6. a3 Bxc3+ 7. bxc3 d6 8. f3 Nf6 9. e3 Qe7 10. Bg3 e5 11. Bf2 c5 12. Be2 Nc6 13. Nh3 O-O 14. Rd1 h6 15. d5 Na5 16. O-O b6 17. Bh4 g5 18. Be1 Ne8 19. Nf2 Ba6 20. Qa2 Qd7 21. f4 Qa4 22. fxe5 dxe5 23. d6 Rd8 24. e4 Bxc4 25. Bxc4+ Qxc4 26. Qc2 f4 27. Ng4 Qe6 28. h3 Nxd6 29. Qe2 Nac4 30. Rd5 h5 31. Ne3 Nxe3 0-1


[Site "https://www.chess.com"]

[Event "Titled Tuesday Blitz July 4 Early 2023"]
[White "Shuvalova, Polina"]
[Black "Merino Garcia, Rafael II"]
[WhiteFideId "24171760"]
[BlackFideId "2209128"]
[WhiteElo "2737"]
[BlackElo "2426"]
[Result "1-0"]
[Round "1"]
[TimeControl "180+2"]
[Date "2023.07.04"]
[WhiteClock "0:00:55"]
[BlackClock "0:00:22"]
[Board "87"]

1. Nf3 Nf6 2. d4 e6 3. g3 b6 4. Bg2 Bb7 5. O-O Be7 6. Re1 O-O 7. Nbd2 d5 8. c3 c5 9. Ne5 Nc6 10. Ndf3 Nd7 11. Nxc6 Bxc6 12. Bf4 h6 13. a4 a6 14. h4 c4 15. Nd2 b5 16. axb5 axb5 17. e4 dxe4 18. Nxe4 Bd5 19. Qd2 Nb6 20. Rxa8 Qxa8 21. f3 Rd8 22. Qf2 b4 23. Bc7 Na4 24. Bxd8 Qxd8 25. Qc2 b3 26. Qd2 f5 27. Nf2 Qc7 28. f4 Kf7 29. Qe2 Qd6 30. Ra1 Bxg2 31. Kxg2 Nb6 32. Ra5 Qc6+ 33. Qf3 Nd5 34. Nd1 Bd6 35. Kf2 Qb6 36. Rxd5 exd5 37. Qxd5+ Kf8 38. Ne3 1-0


[Site "https://www.chess.com"]

[Event "Titled Tuesday Blitz July 4 Early 2023"]
[White "Ncatt"]
[Black "Gunina, Valentina"]
[BlackFideId "4167570"]
[WhiteElo "2425"]
[BlackElo "2736"]
[Result "0-1"]
[Round "1"]
[TimeControl "180+2"]
[Date "2023.07.04"]
[WhiteClock "0:00:28"]
[BlackClock "0:00:23"]
[Board "88"]

1. Nf3 d5 2. g3 c6 3. Bg2 Bg4 4. O-O Nd7 5. b3 e5 6. Bb2 Bd6 7. h3 Bxf3 8. Bxf3 Ne7 9. c4 d4 10. e3 O-O 11. exd4 exd4 12. Bxd4 Nf5 13. Bb2 Qg5 14. Bg2 h5 15. Nc3 Nf6 16. Qf3 Rfe8 17. Rad1 h4 18. g4 Nd4 19. Qd3 Qf4 20. Rfe1 Rad8 21. Ne4 Nxe4 22. Rxe4 Rxe4 23. Qxe4 Qh2+ 24. Kf1 Bc5 25. d3 a5 26. Bc1 Ne6 27. Be3 Bxe3 28. fxe3 Rd6 29. Kf2 Ng5 30. Qe8+ Kh7 31. Rd2 Rf6+ 32. Ke1 Qg1+ 33. Ke2 Rf2# 0-1


[Site "https://www.chess.com"]

[Event "Titled Tuesday Blitz July 4 Early 2023"]
[White "Postny, Evgeny"]
[Black "Marn, Jan"]
[WhiteFideId "2804344"]
[BlackFideId "14619245"]
[WhiteElo "2735"]
[BlackElo "2425"]
[Result "1-0"]
[Round "1"]
[TimeControl "180+2"]
[Date "2023.07.04"]
[WhiteClock "0:00:46"]
[BlackClock "0:00:02"]
[Board "89"]

1. e4 e5 2. Nf3 Nc6 3. Bc4 Bc5 4. c3 Nf6 5. d3 d6 6. b4 Bb6 7. a4 a5 8. b5 Ne7 9. O-O O-O 10. h3 Ng6 11. Ba3 Be6 12. Nbd2 c6 13. Bxe6 fxe6 14. Nc4 Bc7 15. b6 Bb8 16. Rb1 h6 17. g3 Rf7 18. Qe2 Qd7 19. Kg2 Nh5 20. Bc1 Nf6 21. Re1 Re7 22. d4 exd4 23. cxd4 d5 24. e5 Ne4 25. Qc2 c5 26. Rxe4 dxe4 27. Qxe4 Qd5 28. Qxg6 Qxc4 29. Bxh6 Kf8 30. Rc1 Qxa4 31. Rxc5 Qe8 32. Qf6+ Rf7 33. Qg6 Rxf3 34. Qxg7# 1-0


[Site "https://www.chess.com"]

[Event "Titled Tuesday Blitz July 4 Early 2023"]
[White "Urbina Perez, Juan Antonio"]
[Black "Fernandez Guillen, Ernesto J."]
[WhiteFideId "2217368"]
[BlackFideId "3512428"]
[WhiteElo "2424"]
[BlackElo "2734"]
[Result "0-1"]
[Round "1"]
[TimeControl "180+2"]
[Date "2023.07.04"]
[WhiteClock "0:00:21"]
[BlackClock "0:00:23"]
[Board "90"]

1. e4 e5 2. Nf3 Nc6 3. Bc4 g6 4. d4 exd4 5. Nxd4 Bg7 6. Nxc6 bxc6 7. O-O Ne7 8. Re1 O-O 9. Nd2 d6 10. h3 h6 11. Nf3 Kh7 12. c3 f5 13. exf5 Nxf5 14. Bd3 Rb8 15. Qc2 Qf6 16. Rb1 c5 17. Be3 Bb7 18. Nh2 Nh4 19. Ng4 Qf7 20. Bf1 Nf3+ 21. Kh1 Nxe1 22. Rxe1 Kh8 23. Nxh6 Bxh6 24. Bxh6 Rfe8 25. Rxe8+ Rxe8 26. Be3 Qf5 27. Qxf5 gxf5 28. Bb5 Re7 29. Bd3 Be4 30. Bb5 Kg7 31. Kh2 Kf6 32. g4 fxg4 33. hxg4 Bd5 34. a4 c4 35. a5 c6 36. Ba4 Rb7 37. Bc1 Be6 38. Kg3 Rg7 39. g5+ Ke5 40. Bc2 Bf5 41. f4+ Ke6 42. Ba4 Kd5 43. Bd1 Kc5 44. Be3+ Kb5 45. Bd4 Rh7 46. Bg4 Bd3 47. f5 c5 48. Bf6 Rf7 49. Bd8 Bxf5 50. Bxf5 Rxf5 51. Kg4 Rf1 52. g6 Rg1+ 53. Kf5 Rf1+ 54. Ke6 d5 55. g7 Rg1 56. Kf7 d4 57. cxd4 cxd4 58. Bf6 c3 59. Bh4 Rxg7+ 60. Kxg7 cxb2 61. Bf6 b1=Q 0-1


[Site "https://www.chess.com"]

[Event "Titled Tuesday Blitz July 4 Early 2023"]
[White "Samunenkov, Ihor"]
[Black "Disconzi da Silva, Rodrigo"]
[WhiteFideId "14187086"]
[BlackFideId "2100991"]
[WhiteElo "2727"]
[BlackElo "2423"]
[Result "1-0"]
[Round "1"]
[TimeControl "180+2"]
[Date "2023.07.04"]
[WhiteClock "0:00:05"]
[BlackClock "0:00:07"]
[Board "91"]

1. e4 c5 2. Nf3 e6 3. d4 cxd4 4. Nxd4 Nc6 5. Nc3 d6 6. g4 a6 7. Be3 Bd7 8. h4 Be7 9. g5 h6 10. g6 fxg6 11. Qg4 Ne5 12. Qg3 h5 13. Bh3 Kf7 14. f4 Ng4 15. Bxg4 hxg4 16. O-O-O Rxh4 17. Rhg1 Nh6 18. Rdf1 Rh3 19. Qe1 Rb8 20. f5 gxf5 21. Bxh6 Rxh6 22. exf5 exf5 23. Nxf5 Bxf5 24. Rxf5+ Kg8 25. Nd5 Bg5+ 26. Kb1 Bh4 27. Qe4 Qe8 28. Qxg4 Rh7 29. a3 Kh8 30. Rh1 Rd8 31. Ka2 Qg8 32. Rxh4 g6 33. Rxh7+ Kxh7 34. Qh4+ Kg7 35. Qe7+ Kh6 36. Qe3+ Kg7 37. Qd4+ Kh6 38. Rf2 Qe6 39. Rh2+ Kg5 40. Qf4# 1-0


[Site "https://www.chess.com"]

[Event "Titled Tuesday Blitz July 4 Early 2023"]
[White "Ladan, Nicholas"]
[Black "Wagner, Dennis"]
[WhiteFideId "30918855"]
[BlackFideId "24650684"]
[WhiteElo "2422"]
[BlackElo "2723"]
[Result "0-1"]
[Round "1"]
[TimeControl "180+2"]
[Date "2023.07.04"]
[WhiteClock "0:00:02"]
[BlackClock "0:00:19"]
[Board "92"]

1. d4 d5 2. Nf3 Nf6 3. Bf4 Bf5 4. c4 e6 5. Nc3 Bb4 6. Qa4+ Nc6 7. e3 O-O 8. Be2 Ne4 9. Rc1 g5 10. Bg3 h5 11. h4 Nxg3 12. fxg3 g4 13. Nd2 Bd6 14. Nf1 dxc4 15. e4 Bg6 16. Rd1 e5 17. d5 Nd4 18. Qxc4 f5 19. exf5 Bxf5 20. Ne3 Bg6 21. Rd2 Qd7 22. Rf1 a6 23. a4 Qg7 24. Bd3 Qh6 25. Bxg6 Qxe3+ 26. Kd1 b5 27. Qd3 Rxf1+ 28. Qxf1 Rf8 29. Qe1 Qh6 30. Bd3 bxa4 31. Rf2 Rxf2 32. Qxf2 Nb3 33. Qc2 Qe3 34. Ne2 Bb4 35. Bh7+ Kh8 36. Bd3 Nd4 37. Nxd4 Qe1# 0-1


[Site "https://www.chess.com"]